Map: Year Zero LE

Players

Rex - Winner!

  • Race: Zerg Zerg
  • League: Master
  • Spawn Location: 1:00

GogojOey

  • Race: Zerg Zerg
  • Spawn Location: 11:00

Event: 2019 WCS Winter Americas

VOD

Have the link to the VOD?

Description

Time

  • Played on: Feb. 3, 2019, 1:42 p.m.
  • Length: 10:28

All games in this series

Show
View Real Time Build Order
Export as new Build Order

Rex Zerg - Winner!

Build Orders: Hatch First, Zergling Baneling 

Get SALT Encoding   

  12  0:00  Drone  
  13  0:13  Overlord  
  13  0:19  Drone  
  14  0:31  Drone x2  
  16  0:50  Hatchery  
  16  0:53  Drone  
  16  0:56  Drone  
  17  1:00  Drone  
  18  1:11  Extractor  
  17  1:16  Spawning Pool  
  16  1:19  Drone  
  16  1:22  Drone  
  18  1:29  Drone  
  19  1:39  Drone  
  20  1:52  Drone  
  21  2:01  Overlord  
  21  2:02  Queen  
  21  2:03  Queen  
  21  2:04  Zergling x2  
  26  2:10  Metabolic Boost  
  26  2:13  Drone  
  26  2:15  Drone  
  28  2:23  Drone x2  
  30  2:39  Hatchery  
  29  2:45  Drone x2  
  29  2:50  Baneling Nest  
  30  2:52  Zergling x2  
  30  2:57  Queen  
  33  3:02  Overlord  
  33  3:06  Zergling x2  
  33  3:07  Zergling x2  
  33  3:12  Drone  
  36  3:23  Drone  
  36  3:26  Drone x6  
  43  3:34  Overlord  
  43  3:35  Baneling x2  
  43  3:38  Zergling x2  
  43  3:49  Lair  
  43  3:52  Queen  
  43  3:53  Queen  
  47  3:56  Drone  
  47  4:00  Drone x3  
  51  4:03  Drone x2  
  53  4:10  Evolution Chamber  
  53  4:12  Drone x2, Extractor  
  53  4:13  Drone  
  53  4:15  Zergling x2  
  55  4:17  Drone  
  55  4:24  Overlord x2  
  56  4:27  Zergling x2  
  56  4:40  Overlord  
  56  4:41  Queen  
  56  4:45  Zergling x16  
  65  4:50  Zergling x6  
  68  4:53  Baneling  
  68  4:54  Baneling x5  
  68  4:55  Baneling x2  
  68  4:58  Zergling x2  
  69  5:03  Zergling x2  
  69  5:04  Zergling x4  
  69  5:05  Zergling x4  
  74  5:08  Zergling x4  
  74  5:11  Zergling x4  
  78  5:20  Zergling x2  
  78  5:24  Zergling x2  
  78  5:26  Zergling x4  
  78  5:27  Zergling x2  
  80  5:30  Nydus Network  
  80  5:32  Zergling x6  
  80  5:34  Zergling x6  
  81  5:36  Zergling x2  
  82  5:43  Spire  
  82  5:46  Overlord x2  
  82  5:47  Overlord  
  81  5:55  Drone  
  81  5:58  Drone x2, Spine Crawler  
  81  6:01  Overlord x2  
  81  6:02  Overseer  
  79  6:10  Drone x5  
  81  6:14  Drone  
  81  6:16  Drone x2  
  79  6:19  Drone  
  79  6:23  Extractor  
  78  6:32  Overlord  
  78  6:42  Zergling x2  
  78  6:43  Zergling x20  
  89  6:48  Baneling x11, Zergling x2  
  89  6:49  Zergling x2  
  89  6:53  Zergling x6  
  94  6:58  Zergling x4  
  93  7:07  Zergling x2  
  93  7:08  Zergling x4  
  84  7:11  Queen  
  84  7:14  Zergling x4  
  84  7:15  Zergling x4  
  84  7:20  Drone  
  84  7:21  Drone x4  
  90  7:23  Extractor  
  90  7:25  Extractor x2, Drone  
  88  7:32  Mutalisk  
  88  7:33  Mutalisk  
  88  7:35  Mutalisk  
  94  7:43  Mutalisk  
  96  7:44  Zergling x6  
  96  7:53  Mutalisk  
  96  7:54  Zergling x2  
  96  7:55  Zergling x8  
  90  7:59  Zergling x8  
  90  8:05  Mutalisk  
  85  8:09  Zergling x2  
  85  8:10  Zergling x2  
  85  8:12  Zergling x2  
  83  8:13  Queen  
  83  8:14  Queen, Zergling x2  
  83  8:15  Zergling x2  
  83  8:17  Zergling x2  
  84  8:22  Mutalisk  
  84  8:24  Mutalisk  
  84  8:26  Spine Crawler  
  81  8:28  Zergling x2  
  82  8:46  Drone x2  
  84  8:50  Drone  
  84  8:51  Drone x6  
  91  8:59  Mutalisk x3  
  97  9:08  Mutalisk  
  99  9:11  Drone x2  
  101  9:20  Mutalisk x2  
  105  9:24  Hatchery, Mutalisk  
  106  9:36  Drone x5, Overlord  
  111  9:39  Mutalisk  
  111  9:40  Mutalisk x2  
  112  9:50  Drone x3  
  112  9:51  Drone  
  116  10:01  Mutalisk x3  
  124  10:07  Zergling x8  
Show
View Real Time Build Order
Export as new Build Order

GogojOey Zerg 

Build Orders: Hatch First 

Get SALT Encoding   

  12  0:00  Drone  
  13  0:13  Overlord  
  13  0:18  Drone  
  14  0:31  Drone x2  
  16  0:50  Hatchery  
  16  0:52  Drone  
  16  0:55  Drone  
  17  1:07  Extractor  
  16  1:12  Spawning Pool  
  16  1:15  Drone  
  16  1:19  Drone  
  16  1:22  Drone  
  18  1:28  Drone  
  19  1:39  Drone  
  20  1:49  Overlord  
  20  1:59  Queen  
  22  2:02  Queen  
  22  2:03  Drone  
  22  2:04  Drone  
  26  2:10  Metabolic Boost  
  26  2:13  Drone  
  27  2:16  Drone  
  27  2:22  Drone  
  29  2:26  Zergling x2  
  30  2:32  Zergling x2  
  31  2:40  Drone  
  32  2:46  Hatchery  
  32  2:49  Drone  
  32  2:53  Baneling Nest  
  32  2:56  Overlord  
  31  2:59  Drone  
  31  3:03  Drone  
  31  3:05  Drone  
  34  3:08  Drone  
  35  3:14  Queen  
  35  3:17  Drone  
  38  3:21  Drone x2  
  38  3:24  Zergling x2  
  38  3:25  Drone  
  42  3:27  Drone  
  42  3:31  Overlord  
  43  3:40  Evolution Chamber, Overlord  
  41  3:44  Baneling x2  
  42  3:48  Drone x2  
  42  3:50  Drone x2  
  42  3:53  Lair  
  45  3:57  Drone x2  
  45  3:59  Drone  
  48  4:06  Roach Warren  
  48  4:08  Extractor  
  46  4:10  Extractor  
  46  4:11  Zerg Missile Weapons Level 1  
  46  4:14  Zergling x4  
  47  4:22  Drone  
  47  4:23  Drone x4  
  47  4:24  Drone  
  53  4:31  Drone x3  
  53  4:32  Drone x2  
  58  4:41  Overlord  
  58  4:43  Drone x4  
  58  4:44  Drone  
  63  4:47  Zergling x4  
  63  4:51  Zergling x4  
  65  4:53  Zergling x2  
  65  4:55  Glial Reconstitution  
  66  5:04  Drone  
  66  5:06  Drone  
  66  5:07  Overlord, Overseer  
  68  5:08  Extractor, Roach  
  68  5:09  Roach x2  
  68  5:12  Overlord  
  73  5:14  Extractor  
  73  5:15  Overlord  
  66  5:21  Overlord  
  66  5:23  Spine Crawler  
  66  5:25  Overlord  
  66  5:26  Overlord  
  66  5:27  Roach  
  67  5:33  Roach x3, Zergling x2  
  66  5:38  Roach x2  
  65  5:45  Roach x2  
  65  5:48  Queen  
  71  5:55  Nydus Network  
  67  6:01  Roach x3  
  67  6:06  Roach x2  
  69  6:11  Roach x2  
  65  6:19  Evolution Chamber  
  65  6:21  Roach x2  
  65  6:22  Queen  
  70  6:29  Queen  
  70  6:31  Roach  
  74  6:34  Nydus Canal  
  74  6:37  Roach  
  76  6:43  Roach x2  
  76  6:44  Evolution Chamber  
  76  6:45  Roach  
  82  6:48  Roach  
  82  6:52  Roach x2  
  88  7:01  Roach x2  
  88  7:08  Roach x2  
  74  7:14  Queen x2  
  68  7:20  Roach x2  
  68  7:21  Nydus Canal  
  72  7:27  Roach x2  
  76  7:46  Hatchery  
  76  7:49  Nydus Canal  
  77  7:51  Roach x3  
  77  7:52  Roach x2  
  77  7:58  Roach x2  
  85  8:01  Queen  
  79  8:07  Roach x2  
  79  8:14  Roach x3  
  75  8:23  Roach x2  
  57  8:37  Roach x2, Queen x2  
  57  8:38  Roach  
  67  9:01  Drone  
  67  9:02  Spire  
  67  9:06  Spore Crawler  
  67  9:08  Spore Crawler  
  65  9:11  Spore Crawler  
  65  9:13  Spore Crawler  
  63  9:23  Queen  
  63  9:25  Queen  
  57  9:47  Drone  
  57  9:48  Drone x3  
  57  9:50  Overlord  
Tags
 
Add a new tag
Caveats
  • Supply blocks, unpowered buildings, or Contaminate may cause inaccurate times.
  • Supply counts are checked every 10 seconds.